Arrhythmia, chaotic female vampiric Convict ----- ---.|. -- ----- |....| --.- --.S.| -- -------.|.-- ---- ...-- .... |.- --..||.(.|.| --..| -...| -..- |..---- |...--.--|.| |...| |...-----o.| -..|.-- ---.--...| |.| ---...| -....--S.x-- --....------------------)..--.--- |*------- |...|.| --.....Sja.-- -- --...........).)..[...%).)...| |.)%....| ---.--|.| |.....---@'o--.-- --.............--..-...------ |..----.---|...| |.| |.....| --@@....| --...........<.%.%......-- ---- |...--.--- |.--- |.....-----@...-| --...................)..| ---....| |.}.| |........|--....| |......................| |....| ---}--|^---....| --..-- |...---................- --.|.| |}}%|.----.--- |..- -..-- --.................. |.|.| ---}}..-- -- --.. .... ...................^..- |.|.| |.)...| .-- ....------------.|............| |.|.| -...}.| .- ..... ----.......--..- |.|.| ....--- -.....- --......| ..| |. . |....| ---.--- -------- -- ---. --.--- -- --- --- Arrhythmia the Jail-bird Experience level: 8 Strength: 17 Dexterity: 13 Constitution: 16 Intelligence: 10 Wisdom: 10 Charisma: 8 Health: 0(78) Energy: 48(53) AC: 6 Gold: 0 Moves: 4182 Your Inventory: Armor b - a cursed +0 striped shirt (being worn) h - an [uncursed] +0 iron skull cap [orcish helm] (being worn) x - an [uncursed] +0 apron [alchemy smock] (being worn) z - an [uncursed] +0 pair of hard shoes [iron] (being worn) Scrolls H - a [blessed] scroll of create monster Wands F - an [uncursed] wand of striking [0:2] Tools f - an [uncursed] bag called Holding [of holding] J - an [uncursed] skeleton key Iron balls c - an [uncursed] heavy iron ball (chained to you) (alternate weapon; not wielded) Contents of the bag of holding: 696 gold pieces an [uncursed +0] dagger an [uncursed] +0 mummy wrapping 2 [uncursed] scrolls labeled GARVEN DEH [of teleportation] an [uncursed] scroll labeled VAS CORP BET MANI [of remove curse] an [uncursed] scroll labeled VERR YED HORRE [of fire] a [blessed] scroll of create monster an [uncursed] red spellbook [of magic missile] an [uncursed] spellbook of light an [uncursed] dark green potion [of paralysis] an [uncursed] golden potion [of sickness] an [uncursed] silver potion [of object detection] an [uncursed] slimy potion [of speed] an [uncursed] soapy potion [of extra healing] a [blessed] soapy potion [of extra healing] an [uncursed] pearl ring [of slow digestion] an [uncursed] blindfold 18 [uncursed wax] candles an [uncursed tallow] candle an [uncursed] orange gem [worthless glass] 2 [uncursed] yellow gems [worthless glass] Spells known in the end: Name Level Category Fail Memory a - light 1 divination 66% [|||||||.] Your skills at the end: Fighting Skills Weapon Skills sling [Basic / Skilled] Spellcasting Skills Final Attributes: You were piously aligned. Hunger level was -26. Your alignment was 30 / 30. Monster difficulty range was 0 - 6. Level difficulty was 5. You were immune to poison. You were immune to level-drain. You were immune to sickness. You were immune to acid. You were punished. You could fly. You could survive without air. You were held by a rope golem. You regenerated. You were unlucky (-3). Tymora was angry with you (1). You are dead. Vanquished creatures: a small mimic a giant beetle a dwarf mummy 3 snakes a bugbear 4 enormous rats 3 gnome lords 2 golden naga hatchlings 2 elf zombies 2 wax golems a kitten 4 dwarves a kobold shaman 4 hill orcs 4 rothes a wererat 4 iguanas an acid blob a coyote 4 hobbits a large kobold 3 cave spiders a brown mold 2 yellow molds 2 red molds 25 gnomes a gecko 3 jackals a fox 4 goblins a sewer rat 18 grid bugs a bat 6 lichens 6 newts 120 creatures vanquished. Voluntary challenges: You went without food. You never hit with a wielded weapon. You read items or engraved 103 times. You put on armor 6 times. You never genocided any monsters. You never polymorphed an object. You never changed form. You used no wishes. You wrote Elbereth's name 71 times. You never encountered a bones level. You never used any Sokoban shortcuts. Dungeon overview: The Dungeons of Doom: levels 1 to 6 Level 1 a long staircase Level 2 a weapon shop Level 3 some fountains stairs to The Gnomish Mines Level 4 a general store, an altar, a fountain Level 5 some fountains Level 6 many fountains The Gnomish Mines: levels 4 to 5 Level 4 stairs to The Dungeons of Doom Level 5 <- You were here History has recorded: On T:1 you entered the Dungeons of Doom to retrieve the Amulet of Yendor! On T:368 you advanced to experience level 2. On T:663 you reached level 2 of The Dungeons of Doom. On T:763 you advanced to experience level 3. On T:1171 you reached level 3 of The Dungeons of Doom. On T:1176 you advanced to experience level 4. On T:1663 you reached level 4 of The Dungeons of Doom. On T:1726 you advanced to experience level 5. On T:1945 you reached level 5 of The Dungeons of Doom. On T:2044 you advanced to experience level 6. On T:2442 you reached level 6 of The Dungeons of Doom. On T:2679 you advanced to experience level 7. On T:3202 you reached level 1 of The Gnomish Mines. On T:3975 you reached level 2 of The Gnomish Mines. On T:3992 you advanced to experience level 8. Latest messages: The Woodland-elf hits! [HP-12=53] You miss the sewer rat. You bite the sewer rat. You kill the sewer rat! The rope golem hits! (2x) The rope golem grabs you! The Woodland-elf swings his runed broadsword. The Woodland-elf hits! The Mordor orc thrusts his knife at the Woodland-elf. The Mordor orc misses the Woodland-elf. The snow ant bites! (2x) You faint from lack of food. [HP-23=30] The snow ant bites! (2x) You're covered in frost! The Woodland-elf swings his runed broadsword. The Woodland-elf hits! [HP-14=16] The rope golem hits! (2x) You are being choked. The snow ant bites! (2x) You're covered in frost! You die... Final status: Goodbye Arrhythmia the Convict... You died in The Gnomish Mines on dungeon level 5 with 4291 points, and 696 pieces of gold, after 4182 moves. You were level 8 with a maximum of 78 hit points when you died.